 Dungeon Sprint DCSS version 0.19.0-24-gb05acd6 (webtiles) character file.

887 equalderp2856 the Ripper (level 7, 0/37 HPs)
             Began as a Felid Fighter on Nov 21, 2016.
             Succumbed to a spiny frog's poison
             ... in the Dungeon (Sprint II: "The Violet Keep of Menkaure").
             The game lasted 00:03:41 (452 turns).

equalderp2856 the Ripper (Felid Fighter)             Turns: 452, Time: 00:03:41

Health: 0/37       AC:  2    Str: 15    XL:     7   Next: 77%
Magic:  7/7        EV: 27    Int:  9    God:
Gold:   1053       SH:  0    Dex: 17    Spells: 0 memorised, 6 levels left
                                        Lives:  0   Deaths: 2

rFire  . . .     SeeInvis +       - Unarmed
rCold  . . .     Gourm    .     (armour unavailable)
rNeg   . . .     Faith    .     (shield unavailable)
rPois  .         Spirit   .     (helmet unavailable)
rElec  .         Reflect  .     (cloak unavailable)
rCorr  .         Harm     .     (gloves unavailable)
MR     +....     NoTele   +     (boots unavailable)
Stlth  +++.......               (no amulet)
                                (no ring)
                                (no ring)

@: lethally poisoned (0 -> -20), quick
A: no armour, no weapons or thrown items, stealth, claws 1, fangs 3, see
invisible, carnivore 3, speed 1, low mp 1, shaggy fur 2, slow metabolism 1,
strong 1, subdued magic 1, sharp paws
a: no special abilities


You were in the Dungeon.
You were not hungry.

You visited 1 branch You collected 1053 gold pieces.

Inventory:

Scrolls
 h - a scroll of blinking
Potions
 e - a potion of haste
 f - 2 potions of magic
Comestibles
 b - 2 meat rations


   Skills:
 + Level 8.9 Fighting
 + Level 11.6 Dodging
 + Level 2.8 Stealth
 + Level 15.5 Unarmed Combat


You had 6 spell levels left.
You didn't know any spells.

Dungeon Overview and Level Annotations

Branches:
Dungeon (1/1)

Altars:

Shops:
D :=}!?(([:![[%?=(

Annotations:
D exclusions: oklob plant and 1 more exclusion, Kirke


Innate Abilities, Weirdness & Mutations

You cannot wear armour.
You are incapable of wielding weapons or throwing items.
Your paws allow you to move quietly. (Stealth)
You have sharp claws.
You have razor-sharp teeth.
You have supernaturally acute eyesight. (SInv)
You are carnivorous and can eat meat at any time.
You cover ground quickly.
You are covered in thick fur. (AC +2)
You have a slow metabolism.
Your sharp claws are effective at attacking unaware monsters.
Your magical capacity is low. (-10% MP)
Your muscles are strong. (Str +2)
Your spells are a little easier to cast, but a little less powerful.


Message History

You bite the spiny frog, but do no damage.
You feel sick. The spiny frog stings you!!
Ouch! That really hurt!
* * * LOW HITPOINT WARNING * * *
You mangle the spiny frog!!
The spiny frog is heavily wounded.
* * * LOW HITPOINT WARNING * * *
You feel sick.
You feel better. The spiny frog misses you. x2
You closely miss the spiny frog.
The spiny frog is heavily wounded.
You claw the spiny frog!
The spiny frog is severely wounded.
The spiny frog stings you!
* * * LOW HITPOINT WARNING * * *
You are lethally poisoned!
The spiny frog poisons you!
You mangle the spiny frog!!
You kill the spiny frog!
You die...

#### +!.# #.$ #'##
####+#### #..+
##≈≈§≈§≈≈## #..##
≈S≈≈§§≈§§## ####.@+
≈§≈§≈≈§§§# #...####
§≈S§§§S #.....≈## §§S§
############≈≈#+++#+++##
###########≈≈≈.........#
##.(..∩.∩.#≈≈≈≈†##'##..#
##...∩.∩..#≈≈≈≈##...## #
##..∩.∩...#≈≈≈≈#..#..#
##.⌠.∩(...#≈≈####.#.####


There were no monsters in sight!

Vanquished Creatures
  A siren (D)
  2 spiny frogs (D)
  4 neqoxecs (D)
  4 necrophages (D)
  A crocodile (D)
  3 worms (D)
15 creatures vanquished.

Vanquished Creatures (others)
  Menkaure (D)
  A crocodile (D)
2 creatures vanquished.

Grand Total: 17 creatures vanquished

Notes
Turn   | Place    | Note
-------+----------+-------------------------------------------
     0 | D        | equalderp2856 the Felid Fighter began the quest for the Orb.
     0 | D        | Reached XP level 1. HP: 10/10 MP: 2/2
     1 | D        | Noticed a necrophage
     1 | D        | Noticed a necrophage
     1 | D        | Noticed a necrophage
     1 | D        | Noticed a necrophage
     8 | D        | Killed a necrophage
     8 | D        | Reached skill level 7 in Unarmed Combat
     8 | D        | Reached XP level 2. HP: 14/14 MP: 3/3
     8 | D        | Reached XP level 3. HP: 18/18 MP: 4/4
     8 | D        | Reached XP level 4. HP: 21/21 MP: 5/5
    10 | D        | Killed a necrophage
    10 | D        | Reached skill level 5 in Fighting
    10 | D        | Reached skill level 9 in Unarmed Combat
    10 | D        | Reached XP level 5. HP: 26/26 MP: 6/6
    14 | D        | Killed a necrophage
    14 | D        | Reached skill level 10 in Unarmed Combat
    17 | D        | Killed a necrophage
    17 | D        | Reached skill level 11 in Unarmed Combat
    17 | D        | Gained mutation: You are covered in thick fur. (AC +2) [Felid growth]
    17 | D        | Reached XP level 6. HP: 30/30 MP: 7/7
    30 | D        | Killed Menkaure
    56 | D        | Noticed a neqoxec
    56 | D        | Noticed a neqoxec
    56 | D        | Noticed a neqoxec
    56 | D        | Noticed a neqoxec
    56 | D        | Gained mutation: Your magical capacity is low. (-10% MP) [a neqoxec]
    59 | D        | Gained mutation: Your spells are a little easier to cast, but a little less powerful. [a neqoxec]
    60 | D        | Killed a neqoxec
    60 | D        | Reached skill level 12 in Unarmed Combat
    69 | D        | Killed a neqoxec
    69 | D        | Reached XP level 7. HP: 28/35 MP: 7/7
    73 | D        | Killed a neqoxec
    73 | D        | Reached skill level 10 in Dodging
    73 | D        | Reached skill level 13 in Unarmed Combat
    77 | D        | Gained mutation: Your muscles are strong. (Str +2) [a neqoxec]
    78 | D        | HP: 1/35 [neqoxec (13)]
    82 | D        | Killed a neqoxec
   268 | D        | Noticed a siren
   279 | D        | Killed a siren
   279 | D        | Reached skill level 14 in Unarmed Combat
   279 | D        | Reached XP level 8. HP: 32/41 MP: 8/8
   317 | D        | Reached skill level 1 in Stealth
   318 | D        | Found Ujocri's Magic Scroll Shop.
   318 | D        | Found Nuargh's Jewellery Boutique.
   318 | D        | Found Qiohyk's Antique Weapon Shop.
   319 | D        | Found Gayhung's Antique Armour Shop.
   319 | D        | Found Cititopt's Antique Armour Shop.
   319 | D        | Found Sycor's Food Boutique.
   320 | D        | Found Lomal's Weapon Boutique.
   320 | D        | Found Ikkagus's Antique Armour Shop.
   320 | D        | Found Rekempif's Book Boutique.
   320 | D        | Found Asmoc's Distillery.
   321 | D        | Found Joaxauw's Distillery.
   321 | D        | Found Kereub's Magic Scroll Shop.
   321 | D        | Found Luekh's Antique Weapon Boutique.
   325 | D        | Found Nuggumo's Gadget Shop.
   325 | D        | Found Ungomoic's Jewellery Boutique.
   325 | D        | Noticed an unseen horror
   348 | D        | Noticed an unseen horror
   348 | D        | Noticed an oklob plant
   349 | D        | Found Cydegoud's Book Shoppe.
   360 | D        | Noticed a flying skull
   361 | D        | Noticed a flying skull
   388 | D        | Noticed a centaur warrior
   388 | D        | Noticed Kirke
   388 | D        | Noticed a skeletal warrior
   389 | D        | Noticed an elephant
   389 | D        | Noticed a kobold demonologist
   419 | D        | Noticed a yaktaur captain
   419 | D        | Slain by Kirke
   420 | D        | Reached XP level 7. HP: 0/37 MP: 7/7
   428 | D        | Slain by a centaur warrior
   429 | D        | Reached XP level 6. HP: 0/34 MP: 6/6
   437 | D        | Noticed a spiny frog
   437 | D        | Noticed a spiny frog
   446 | D        | Killed a spiny frog
   446 | D        | Reached skill level 15 in Unarmed Combat
   446 | D        | Reached XP level 7. HP: 30/37 MP: 7/7
   452 | D        | Killed a spiny frog
   452 | D        | Succumbed to a spiny frog's poison

Skill      XL: |  1  2  3  4  5  6  7  8 |
---------------+-------------------------+-----
Fighting       | 4 5 6 7 8 |  8.9
Dodging        | 6 7 8 11 10 | 11.6
Unarmed Combat | 7 9 11 15 14 | 15.5
Stealth        | 2 1 |  2.8

Action                   |  1- 3 |  4- 6 |  7- 9 || total
-------------------------+-------+-------+-------++-------
Melee: Unarmed           |     4 |    31 |    35 ||    70
       Punch             |       |     4 |     2 ||     6
       Bite              |       |     2 |     9 ||    11
  Use: Potion            |     2 |       |     2 ||     4
 Stab: Sleeping          |       |       |     1 ||     1
Dodge: Dodged            |       |    13 |    19 ||    32
